 Dungeon Crawl Stone Soup version 0.22-a0-181-gb22368a (webtiles) character file.

509 Amnesiac the Magician (level 6, -5/41 HPs)
             Began as a Mummy Earth Elementalist on Feb 14, 2018.
             Was a Follower of Ashenzari.
             Slain by an ogre
             ... wielding a +0 giant club
              (31 damage)
             ... on level 4 of the Dungeon.
             The game lasted 00:12:16 (4609 turns).

Amnesiac the Magician (Mummy Earth Elementalist)    Turns: 4609, Time: 00:12:18

Health: -5/41      AC:  2    Str: 12    XL:     6   Next: 98%
Magic:  1/13       EV: 12    Int: 16    God:    Ashenzari [*.....]
Gold:   166        SH:  0    Dex: 12    Spells: 0/15 levels left

rFire    x . .     SeeInvis .   p - +0 dagger (curse)
rCold    + . .     Gourm    .   (no shield)
rNeg     + + +     Faith    .   c - +0 robe
rPois    ∞         Spirit   .   (no helmet)
rElec    .         Reflect  .   (no cloak)
rCorr    .         Harm     .   (no gloves)
MR       .....                  (no boots)
Stlth    ++........             j - amulet of the acrobat
HPRegen  0.13/turn              (no ring)
MPRegen  0.13/turn              (no ring)

@: very slightly contaminated
A: no food or potions, fire vulnerability, cold resistance 1, negative energy
resistance 3, torment resistance, unbreathing
a: Curse Item, Scrying, Renounce Religion


You were on level 4 of the Dungeon.
You worshipped Ashenzari.
Ashenzari was aware of your devotion.
You were not hungry.

You visited 2 branches of the dungeon, and saw 5 of its levels.

You collected 166 gold pieces.

Inventory:

Hand Weapons
 p - a cursed +0 dagger (weapon)
Missiles
 b - 71 stones
 e - 33 poisoned needles
 f - 3 throwing nets
 i - 5 tomahawks of returning (quivered)
Armour
 c - a +0 robe (worn)
 r - a cursed -2 ring mail
Jewellery
 j - an amulet of the acrobat (around neck)
Scrolls
 a - a scroll of immolation {!r, unknown}
 g - a scroll of fear {!r, unknown}
 h - 3 scrolls of identify {!r, unknown}
 k - a scroll of noise {!r, unknown}
 l - a scroll of blinking {!r, unknown}
 m - a scroll of teleportation {!r, unknown}
 n - 3 scrolls of remove curse {!r}
 o - 3 scrolls of amnesia {!r, unknown}
 q - a scroll of fog {!r, unknown}
 t - a scroll of enchant weapon {!r, unknown}
Books
 d - a book of Geomancy

   Spells                             Type                      Level
   a - Sandblast                      Earth                        1
   b - Passwall                       Transmutation/Earth          2
   c - Stone Arrow                    Conjuration/Earth            3
   d - Petrify                        Transmutation/Earth          4
   e - Lee's Rapid Deconstruction     Earth                        5
 s - a book of Minor Magic

   Spells                             Type                      Level
   a - Magic Dart                     Conjuration                  1
   b - Blink                          Translocation                2
   c - Call Imp                       Summoning                    2
   d - Slow                           Hexes                        2
   e - Conjure Flame                  Conjuration/Fire             3
   f - Mephitic Cloud                 Conjuration/Poison/Air       3


   Skills:
 * Level 0.9 Short Blades
 - Level 1.5 Dodging
 + Level 2.8 Stealth
 + Level 5.2 Spellcasting
 - Level 1.0 Transmutations
 * Level 5.1 Earth Magic


You couldn't memorise any spells.
You knew the following spells:

 Your Spells              Type           Power        Failure   Level  Hunger
a - Stone Arrow           Conj/Erth      ##....       16%         3    N/A
b - Passwall              Tmut/Erth      ##........   6%          2    N/A
c - Sandblast             Erth           ###...       1%          1    N/A
d - Lee's Rapid Deconstr  Erth           ###.......   45%         5    N/A
e - Petrify               Tmut/Erth      ##......     38%         4    N/A

Dungeon Overview and Level Annotations

Branches:
Dungeon (4/15)             Temple (1/1) D:4

Altars:
Ashenzari
Cheibriados
Dithmenos
Elyvilon
Fedhas
Gozag
Hepliaklqana
Kikubaaqudgha
Makhleb
Nemelex Xobeh
Okawaru
Qazlal
Ru
Sif Muna
Trog
Uskayaw
Vehumet
Wu Jian
Xom
Yredelemnul
Zin
The Shining One

Annotations:
D:3 1 runed door
D:4 Dowan


Innate Abilities, Weirdness & Mutations

You do not eat or drink.
Your flesh is vulnerable to fire.
You are immune to poison.
Your flesh is cold resistant. (rC+)
You are immune to negative energy. (rN+++)
You are immune to unholy pain and torment.
You can survive without breathing.


Message History

The helpless Duvessa fails to defend herself.
You hit Duvessa.
Duvessa is severely wounded.
The helpless Duvessa fails to defend herself.
You puncture Duvessa!
Duvessa is severely wounded.
The helpless Duvessa fails to defend herself.
You hit Duvessa.
Duvessa is severely wounded.
The helpless Duvessa fails to defend herself.
You hit Duvessa.
Duvessa is almost dead.
The helpless Duvessa fails to defend herself.
You puncture Duvessa!
Duvessa is almost dead.
The helpless Duvessa fails to defend herself.
You hit Duvessa.
You kill Duvessa!
You hear a distant wail of despair.
Things that are here:
a +3 rapier of flaming; an uncursed leather armour; the elf corpse of Duvessa
Okay, then.
You start resting.
Your magical contamination has completely faded away.
Wear which item? (? for menu, Esc to quit)
Okay, then.
You start resting.
Magic restored.
Casting: Petrify (quite dangerous; 38% risk of failure)
Confirm with . or Enter, or press ? or * to list all spells.
Aiming: Petrify (quite dangerous; 38% risk of failure)
Press: ? - help, Shift-Dir - straight line, f - ogre
Aim: an ogre, wielding a giant club (hasn't noticed you, chance to defeat MR: 45%)
You miscast Petrify.
You are very lightly contaminated with residual magic.
You feel a surge of energy from the ground.
Unknown command.
Casting: Petrify (quite dangerous; 38% risk of failure)
Confirm with . or Enter, or press ? or * to list all spells.
Aiming: Petrify (quite dangerous; 38% risk of failure)
Press: ? - help, Shift-Dir - straight line, f/p - ogre
Aim: an ogre, wielding a giant club (chance to defeat MR: 45%)
You miscast Petrify.
You hear a distant rumble.
The ogre hits you with a giant club!
Unknown command.
Casting: Petrify (quite dangerous; 38% risk of failure)
Confirm with . or Enter, or press ? or * to list all spells.
Aiming: Petrify (quite dangerous; 38% risk of failure)
Press: ? - help, Shift-Dir - straight line, f/p - ogre
Aim: an ogre, wielding a giant club (chance to defeat MR: 45%)
You miscast Petrify.
Multicoloured lights dance before your eyes!
Unknown command.
Casting: Petrify (quite dangerous; 38% risk of failure)
Confirm with . or Enter, or press ? or * to list all spells.
Which direction?
The ogre closely misses you.
You begin to meditate on the wall.
You continue meditating on the rock.
The ogre hits you with a giant club!
You continue meditating on the rock.
The ogre hits you with a giant club!!
Ouch! That really hurt!
You die...

###.#..# ##.##
#.### #.#..# #.#
#<..#
#.#..##########.#
###.# ####
#.#.............#
#.# #...
#.#.#############
#.# #.##
#.#)#..........#
#.# #.#
#.#[#.########.#
#.#####.# #.#[#.#
#O# #...<.#.#
#.#<#.#### #@#
#####.#.#
#........# #.#
#.#.# ##...#)##.##
######## #.#.#
#...>#.##..# #...#
#.#.# #...##.#####
### ###.# ##.#.##
#...##.# ...# #.#
#...... #...##.#
###...#?.
#.######.#.##
#...##.###.'._.#..
#............
##..........#
#########...#


You could see an ogre.

Vanquished Creatures
  Duvessa (D:4)
  A vampire bat (D:3)
  2 hounds (D:4)
  An orc wizard (D:4)
  A centaur skeleton (D:4)
  An iguana (D:4)
  A worker ant (D:4)
  5 adders
  3 gnolls (D:3)
  4 oozes
  An adder skeleton (D:4)
  5 worms
  3 dart slugs
  2 leopard geckos
  7 orcs
  4 giant cockroaches
  9 goblins
  7 hobgoblins
  7 kobolds
  3 quokkas (D:2)
  A ball python (D:3)
  13 bats
  7 frilled lizards
  A quokka skeleton (D:4)
  14 rats
104 creatures vanquished.

Notes
Turn   | Place    | Note
-------+----------+-------------------------------------------
     0 | D:1      | Amnesiac the Mummy Earth Elementalist began the quest for the Orb.
     0 | D:1      | Reached XP level 1. HP: 13/13 MP: 4/4
   273 | D:2      | Reached XP level 2. HP: 19/19 MP: 1/5
   277 | D:2      | Learned a level 2 spell: Passwall
   501 | D:3      | Reached skill level 1 in Transmutations
   529 | D:3      | Noticed a vampire bat
   553 | D:3      | Killed a vampire bat
   553 | D:3      | Reached XP level 3. HP: 22/24 MP: 3/7
   641 | D:3      | Reached XP level 4. HP: 30/30 MP: 3/9
   746 | D:3      | Learned a level 4 spell: Petrify
   782 | D:4      | Learned a level 3 spell: Stone Arrow
  1202 | D:4      | Reached XP level 5. HP: 35/35 MP: 5/11
  1292 | D:4      | Found a blossoming altar of Fedhas.
  1531 | D:4      | Found a staircase to the Ecumenical Temple.
  1559 | Temple   | Entered the Ecumenical Temple
  1585 | Temple   | Became a worshipper of Ashenzari the Shackled
  2017 | D:1      | You fall through a shaft!
  2227 | D:1      | Reached XP level 6. HP: 41/41 MP: 13/13
  2528 | D:2      | Reached * piety under Ashenzari
  3285 | D:3      | Found a runed door.
  3285 | D:3      | Noticed an angel
  3289 | D:3      | Found a white marble altar of Elyvilon.
  3471 | D:3      | Reached skill level 5 in Spellcasting
  3481 | D:3      | Reached skill level 5 in Earth Magic
  3577 | D:3      | Learned a level 5 spell: Lee's Rapid Deconstruction
  4518 | D:4      | Found a glowing silver altar of Zin.
  4518 | D:4      | Noticed Duvessa
  4518 | D:4      | Noticed Dowan
  4545 | D:4      | Killed Duvessa
  4609 | D:4      | Slain by an ogre

Vault maps used:
D:1:      dpeg_arrival_prison
D:3:      first_ration, roderic_batcave, hangedman_decor_growths,
          lemuel_angel_altar
D:4:      zin_scriptorium, minmay_temple_entry_purple_smoke, serial_park_tiny_2,
          fedhas_altar_1, uniq_duvessa
Temple:   nicolae_temple_the_god_donut

Skill      XL: |  1  2  3  4  5  6 |
---------------+-------------------+-----
Spellcasting   | 3 4 5 |  5.2
Earth Magic    | 3 4 5 |  5.1
Transmutations | 1 |  1.0
Stealth        | 2 |  2.8
Short Blades   | |  0.9
Dodging        | |  1.5

Action                   |  1- 3 |  4- 6 || total
-------------------------+-------+-------++-------
Melee: Unarmed           |    28 |       ||    28
       Dagger            |       |   170 ||   170
 Fire: Hunting sling     |       |    30 ||    30
 Cast: Sandblast         |    31 |    53 ||    84
       Stone Arrow       |       |    21 ||    21
       Passwall          |       |     4 ||     4
       Petrify           |       |     4 ||     4
 Stab: Sleeping          |     1 |     7 ||     8
       Petrified         |       |    20 ||    20
Armor: Robe              |     5 |    29 ||    34
Dodge: Dodged            |    30 |   124 ||   154

Table legend:
 A = Spawn XP
 B = Non-spawn XP
 C = Spawn XP percentage of total XP
 D = Spawn monster count
 E = Non-spawn monster count
 F = Spawn count percentage of total count
 G = Total turns spent on level
                    A         B        C        D         E        F      G
               +---------+---------+-------+---------+---------+-------+---------
         Total |       0 |     728 |   0.0 |       0 |     104 |   0.0 |  4609
               +---------+---------+-------+---------+---------+-------+---------
           D:1 |       0 |      37 |   0.0 |       0 |      18 |   0.0 |   672
           D:2 |       0 |      70 |   0.0 |       0 |      25 |   0.0 |   934
           D:3 |       0 |     200 |   0.0 |       0 |      44 |   0.0 |  1531
           D:4 |       0 |     421 |   0.0 |       0 |      17 |   0.0 |  1404
               +---------+---------+-------+---------+---------+-------+---------
